 Dungeon Crawl Stone Soup version 0.28.0-62-gf88900778d (webtiles) character file.

Game seed: 3630656100473419021

170 cbfl8 the Skirmisher (level 5, -4/41 HPs)
             Began as a Demonspawn Fighter on June 30, 2023.
             Slain by a gnoll
             ... wielding a +0 halberd
              (12 damage)
             ... on level 3 of the Dungeon.
             The game lasted 00:02:50 (3522 turns).

cbfl8 the Skirmisher (Demonspawn Fighter)           Turns: 3522, Time: 00:02:51

Health: -4/41      AC:  9    Str: 17    XL:     5   Next: 25%
Magic:  5/5        EV:  6    Int: 11    God:
Gold:   113        SH:  5    Dex: 14    Spells: 4/4 levels left

rFire   . . .      SeeInvis .   a - +0 war axe
rCold   . . .      Faith    .   c - +0 buckler
rNeg    . . .      Spirit   .   d - +0 chain mail
rPois   .          Reflect  .   (helmet restricted)
rElec   .          Harm     .   (no cloak)
rCorr   .          Rampage  .   (no gloves)
Will    .....                   (no boots)
Stlth   ..........              (no amulet)
HPRegen 0.13/turn               (no ring)
MPRegen 0.09/turn               (no ring)

@: no status effects
A: antennae 1, big brain 1
a: no special abilities


You were on level 3 of the Dungeon.
You visited 1 branch of the dungeon, and saw 3 of its levels.

You collected 113 gold pieces.

Inventory:

Hand Weapons
 a - a +0 war axe (weapon)
Armour
 c - a +0 buckler (worn)
 d - a +0 chain mail (worn)
Scrolls
 f - a scroll of teleportation {unknown}
 h - a scroll of immolation {unknown}
 i - a scroll of magic mapping {unknown}
Potions
 b - 2 potions of mutation {unknown}
 e - 2 potions of ambrosia {unknown}
 g - a potion of haste {unknown}


   Skills:
 + Level 3.6 Fighting
 + Level 3.3 Axes
 + Level 3.2 Armour
 + Level 0.7 Dodging
 + Level 0.1 Stealth
 + Level 3.0 Shields
 * Level 1.8 Evocations


You had 4 spell levels left.
You didn't know any spells.
Your spell library contained the following spells:

 Spells                   Type           Power      Damage    Failure   Level
 Animate Skeleton         Necr           0%         N/A       100%        1
 Pain                     Necr           0%         1d4       100%        1
 Tukima's Dance           Hex            0%         N/A       100%        3
 Vampiric Draining        Necr           0%         2d6       100%        3
 Passage of Golubria      Tloc           0%         N/A       100%        4
 Yara's Violent Unravell  Hex/Tmut       0%         3d3       100%        5


Dungeon Overview and Level Annotations

Branches:
Dungeon (3/15)

Altars:

Annotations:
D:2 1 runed translucent door, Crazy Yiuf


Innate Abilities, Weirdness & Mutations

You have a pair of small antennae on your head.
You have an unusually large brain. (Int +2)


Message History

There are monsters nearby!
You barely miss the gnoll. You barely miss the frilled lizard.
The frilled lizard bites you but does no damage.
The gnoll hits you from afar with a +0 spear.
You block the gnoll's attack.
The frilled lizard bites you but does no damage.
The gnoll hits you but does no damage.
There are monsters nearby!
You barely miss the gnoll. You hit the frilled lizard.
You kill the frilled lizard!
You block the gnoll's attack. The gnoll hits you with a +0 whip!
The gnoll hits you but does no damage. The gnoll hits you with a +0 halberd.
There are monsters nearby!
You closely miss the gnoll. You slash the gnoll!
You block the gnoll's attack. x2
The gnoll hits you with a +0 halberd.
You slash the gnoll!
You kill the gnoll!
You hit the gnoll. You block the gnoll's attack. The gnoll barely misses you.
The gnoll hits you from afar with a +0 spear.
The gnoll completely misses you.
Unknown command.
The gnoll hits you from afar with a +0 halberd.
You slash the gnoll!
The gnoll is severely wounded.
The gnoll closely misses you. You block the gnoll's attack.
You barely miss the gnoll.
The gnoll is severely wounded.
The gnoll hits you with a +0 spear.
The gnoll hits you from afar with a +0 halberd!
The gnoll hits you but does no damage.
You hit the gnoll but do no damage.
The gnoll is severely wounded.
The gnoll barely misses you. The gnoll hits you but does no damage.
The gnoll hits you from afar with a +0 halberd!
* * * LOW HITPOINT WARNING * * *
You hit the gnoll.
The gnoll is almost dead.
The gnoll hits you but does no damage.
The gnoll hits you from afar with a +0 halberd!
You die...

#..........##....#.⌠...⌠.#...
#......|##.....###.......#...
#.......#####.## #.⌠...⌠.####
#.......# #.# #...<...#
#############.# #########
..#.# #.#.# ####.#.#####
#..gg@.....# ......)#####.#
.##.##. .. .. . ##. #. .. ##


You could see 2 gnolls.

Vanquished Creatures
  Natasha (D:2)
  An orc wizard (D:2)
  Robin (D:2)
  A gnoll (D:3)
  2 adders
  2 worms
  2 dart slugs (D:1)
  3 orcs (D:2)
  4 ball pythons
  5 endoplasms
  3 giant cockroaches
  12 goblins
  7 hobgoblins
  4 jackals (D:1)
  A quokka (D:1)
  4 bats
  5 frilled lizards
  4 kobolds
  4 rats
66 creatures vanquished.

Vanquished Creatures (others)
  4 fungi (D:2)
4 creatures vanquished.

Grand Total: 70 creatures vanquished

Notes
Turn   | Place    | Note
-------+----------+-------------------------------------------
     0 | D:1      | cbfl8 the Demonspawn Fighter began the quest for the Orb.
     0 | D:1      | Reached XP level 1. HP: 18/18 MP: 1/1
   127 | D:1      | Gained mutation: You have an unusually large brain. (Int
                  | +2) [demonic ancestry]
   127 | D:1      | Reached XP level 2. HP: 21/24 MP: 2/2
   164 | D:1      | Found a faded altar of an unknown god.
   354 | D:1      | Reached skill level 1 in Evocations
   621 | D:1      | Reached XP level 3. HP: 29/29 MP: 3/3
   954 | D:2      | Noticed Robin
  1271 | D:2      | Killed Robin
  1681 | D:2      | Gained mutation: You have a pair of small antennae on your
                  | head. [demonic ancestry]
  1681 | D:2      | Reached XP level 4. HP: 30/35 MP: 4/4
  2774 | D:2      | Noticed Natasha
  2782 | D:2      | Killed Natasha
  2783 | D:2      | Reached XP level 5. HP: 16/41 MP: 5/5
  3199 | D:2      | Found a runed translucent door.
  3200 | D:2      | Noticed Crazy Yiuf
  3522 | D:3      | Slain by a gnoll

Illustrated notes

Levels and vault maps discovered:
D:1:      dpeg_arrival_refuge, layout_basic,
          hellmonk_ecumenical_altar_heavens_door
D:2:      layout_loops_ring, uniq_crazy_yiuf_cottage, uniq_natasha, uniq_robin
D:3:      layout_loops_cross, gammafunk_ghost_grave, serial_rivers,
          chequers_serial_rivers_micro_a, chequers_serial_rivers_micro_b,
          chequers_serial_rivers_small_a, chequers_serial_rivers_room_a,
          minmay_misc_feat_pillars, grunt_ministairs_3

Skill      XL: |  1  2  3  4 |
---------------+-------------+-----
Axes           | 2 3 |  3.3
Armour         | 3 |  3.2
Evocations     | 1 |  1.8
Shields        | 3 |  3.0
Fighting       | |  3.6
Dodging        | |  0.7
Stealth        | |  0.1

Action                   |  1- 3 |  4- 6 || total
-------------------------+-------+-------++-------
Melee: War axe           |   104 |    83 ||   187
  Use: Potion            |       |     1 ||     1
Armor: Scale mail        |    67 |    25 ||    92
       Chain mail        |       |    13 ||    13
Dodge: Dodged            |    45 |    38 ||    83
Block: Buckler           |    37 |    25 ||    62
